Selects Panzerjäger Kommand Battlegroup
Selects Blockade Equipment
Construct Light Support Kompanie
Selects Defensive Positions
Selects Butterfly Bomb Drop
Construct Panzerarmee Kommand
Selects Crew Shock Tactics
Walking Stuka Rocket Launcher
Panzerjäger Mechanized Group
Selects Elefant Tank Destroyer
Kradschützen Motorcycle Team
Walking Stuka Rocket Launcher
Panzerjäger Mechanized Group
Walking Stuka Rocket Launcher